 Dungeon Crawl Stone Soup version 0.31.0-32-g396128a36d (webtiles) character file.

Game seed: 12545332552273417264

959 spaghetti the Chiller (level 8, -1/84 (93) HPs)
             Began as a Naga Ice Elementalist on Mar 9, 2024.
             Slain by a wight
             ... wielding a +0 dagger
              (5 damage)
             ... on level 6 of the Dungeon.
             The game lasted 00:08:23 (5154 turns).

spaghetti the Chiller (Naga Ice Elementalist)       Turns: 5154, Time: 00:08:23

HP:   -1/84 (93)    AC: 24    Str:  9 (10) XL:     8   Next: 14%
MP:   10/15         EV:  1    Int: 19 (21) God:
Gold: 202           SH:  0    Dex: 14 (16) Spells: 10/17 levels left

rFire   x . .        h - +7 sling "Spiderslayer" {drain, rElec Int+4 Dex+3 Stlth+}
rCold   + . .        (no shield)
rNeg    . . .        o - melded +0 ring mail of Qooff {Will+ Int+5}
rPois   +            (helmet currently unavailable)
rElec   +            (cloak currently unavailable)
rCorr   .            (gloves currently unavailable)
SInv    +            (no barding)
Will    +....        (no amulet)
Stlth   +++          g - ring of ice
HPRegen 0.34/turn    (no ring)
MPRegen 0.14/turn

%: no passive effects
@: tree-form, freezing walls, drained
A: stationary, stasis, torment immunity, boosted hp, AC +2, large, see
invisible, (deformed body), (poison resistance), (slowness 2), spit poison 1,
(naga tail 1)
a: Spit Poison


You were on level 6 of the Dungeon.
You were a tree.
You visited 1 branch of the dungeon, and saw 6 of its levels.

You collected 202 gold pieces.

Inventory:

Hand Weapons
 f - a +2 dagger of venom
 h - the +7 sling "Spiderslayer" (weapon) {drain, rElec Int+4 Dex+3 Stlth+}
   (You found it on level 2 of the Dungeon)

   Int+4:     It affects your intelligence (+4).
   Dex+3:     It affects your dexterity (+3).
   rElec:     It insulates you from electricity.
   Stlth+:    It makes you more stealthy.
Armour
 a - a +0 robe
 o - the +0 ring mail of Qooff (melded) {Will+ Int+5}
   (You found it on level 3 of the Dungeon)

   Int+5:     It affects your intelligence (+5).
   Will+:     It increases your willpower.
Jewellery
 g - a ring of ice (left branch)
 j - a +6 ring of intelligence
Wands
 s - a wand of paralysis (10)
Scrolls
 e - a scroll of teleportation
 i - 2 scrolls of vulnerability
 n - a scroll of amnesia {unknown}
 p - a scroll of fog {unknown}
 r - a scroll of enchant armour {unknown}
Potions
 b - a potion of magic
 c - a potion of lignification
 d - 2 potions of degeneration
 l - a potion of mutation {unknown}
 q - a potion of brilliance {unknown}


   Skills:
 - Level 1.5 Dodging
 - Level 3.0 Stealth
 + Level 5.0 Spellcasting
 - Level 6.0 Summonings
 - Level 6.0 Ice Magic


You had 10 spell levels left.
You knew the following spells:

 Your Spells              Type           Power      Damage    Failure   Level
a - Freeze                Ice            100%       1d10      1%          1
b - Summon Ice Beast      Ice/Summ       41%        N/A       3%          3
c - Frozen Ramparts       Ice            82%        1d13      3%          3

Your spell library contained the following spells:

 Spells                   Type           Power      Damage    Failure   Level
 Ozocubu's Armour         Ice            41%        N/A       3%          3
 Cigotuvi's Dreadful Rot  Necr/Alch/Air  8%         N/A       19%         2
 Jinxbite                 Hex            8%         N/A       19%         2
 Ignite Poison            Fire/Alch      4%         N/A       77%         4
 Freezing Cloud           Conj/Ice/Air   9%         6-21      83%         5
 Yara's Violent Unravell  Hex/Alch       2%         3d3       98%         5
 Enfeeble                 Hex            2%         N/A       100%        7
 Chain Lightning          Conj/Air       2%         3d2       100%        9
 Fire Storm               Conj/Fire      2%         8d1       100%        9
 Shatter                  Erth           2%         3d6*      100%        9


Dungeon Overview and Level Annotations

Branches:
Dungeon (5/15)
 Temple: D:4-7

Altars:
Fedhas
Makhleb
Okawaru
Wu Jian

Shops:
D:2 :   D:3 *


Innate Abilities, Weirdness & Mutations

You are a tree.
Your roots penetrate the ground, keeping you stationary.
You cannot be teleported.
You are immune to unholy pain and torment.
Your maximum health is greatly increased.
Your equipment is partially melded.
((Your serpentine skin is tough. (AC +2)))
You have supernaturally acute eyesight. (SInv)
((Armour fits poorly on your strangely shaped body.))
((Your system is resistant to poisons. (rPois)))
((You cover ground very slowly.))
You can spit poison.
((You have a snake-like lower body.))


Message History

Your ice beast closely misses the wight.
The wight resists.
The wall freezes the wight.
The wight hits you with a +1 scimitar!
* * * LOW HITPOINT WARNING * * *
The wight hits you with a +0 dagger.
* * * LOW HITPOINT WARNING * * *
You feel drained.
* * * LOW HITPOINT WARNING * * *
Your ice beast barely misses the wight.
The wight hits you but does no damage.
The wall freezes the wight but does no damage.
The wight hits you but does no damage.
Unknown command.
Unknown command.
As you read the scroll labelled CEUL NUMPUKHEA, it crumbles to dust.
You hear a loud clanging noise!
It was a scroll of noise.
You hear a shout!
A wight comes into view. It is wielding a +0 dagger.
The wight hits you but does no damage.
Your ice beast hits the wight but does no damage.
The wight resists.
The wall freezes the wight.
The wight hits you with a +1 scimitar.
* * * LOW HITPOINT WARNING * * *
As you read the scroll labelled GETHUPLULL CUMA, it crumbles to dust.
You assume a fearsome visage.
The wight is unaffected. x3
It was a scroll of fear.
The wight resists.
The wall freezes the wight.
The wight hits you with a +1 scimitar!
* * * LOW HITPOINT WARNING * * *
The wight hits you with a +0 dagger.
* * * LOW HITPOINT WARNING * * *
Your ice beast barely misses the wight.
Okay, then.
It was a potion of degeneration.
There was something very wrong with that liquid.
You feel weakened.
You feel dopey.
You feel clumsy.
Your ice beast hits the wight.
The wight is destroyed!
The wight resists.
The wall freezes the wight.
The wight hits you with a +0 dagger.
You die...

#........
#........
#........ #
#....... #.
......# #.#
#....#
#..##)z..##
#.zY♣....#.
###........#
#...........
#.#.........
#..#......#.#
#.##........#
## #.......##
#.......#
........#


You could see 2 wights and a friendly ice beast (summoned).

Vanquished Creatures
  Menkaure (D:4)
  A black bear (D:3)
  A jelly (D:5)
  A hound (D:5)
  An orc wizard (D:4)
  4 iguanas
  6 adders
  A dart slug (D:1)
  3 orcs
  8 ball pythons
  3 endoplasms
  3 giant cockroaches
  5 goblins
  11 hobgoblins
  2 jackals
  3 quokkas
  7 bats
  2 frilled lizards (D:1)
  8 kobolds
  6 rats
77 creatures vanquished.

Vanquished Creatures (collateral kills)
  Sigmund (D:4)
  Edmund (D:4)
  A wight (D:6)
  A hound (D:5)
  A jelly (D:4)
  An iguana (D:5)
  An adder (D:3)
  3 gnolls (D:3)
  5 ribbon worms
  An orc (D:4)
  An endoplasm (D:3)
  2 hobgoblins (D:2)
  2 jackals (D:5)
  A quokka (D:2)
  2 ball pythons (D:4)
  2 kobolds (D:2)
26 creatures vanquished.

Grand Total: 103 creatures vanquished

Notes
Turn   | Place    | Note
-------+----------+-------------------------------------------
     0 | D:1      | spaghetti the Naga Ice Elementalist began the quest for the
                  | Orb.
     0 | D:1      | Reached XP level 1. HP: 15/15 MP: 3/3
   156 | D:1      | Found a faded altar of an unknown god.
   163 | D:1      | Reached XP level 2. HP: 22/22 MP: 3/5
   667 | D:1      | Reached XP level 3. HP: 28/28 MP: 4/6
   671 | D:1      | Learned a level 3 spell: Summon Ice Beast
  1489 | D:2      | Reached skill level 1 in Summonings
  1497 | D:2      | Reached XP level 4. HP: 27/36 MP: 1/8
  1612 | D:2      | Identified the +7 sling "Spiderslayer" {drain, rElec Int+4
                  | Dex+3 Stlth+}
  1682 | D:2      | Found Zioklenni's Book Emporium.
  2335 | D:3      | Found a blossoming altar of Fedhas.
  2351 | D:3      | Noticed a black bear
  2358 | D:3      | Killed a black bear
  2359 | D:3      | Reached XP level 5. HP: 42/42 MP: 7/10
  2461 | D:3      | Found Bierick's Assorted Antiques.
  2470 | D:3      | Found an ornate altar of the Wu Jian Council.
  2523 | D:3      | Reached skill level 5 in Ice Magic
  2813 | D:4      | Reached XP level 6. HP: 40/49 MP: 9/11
  2912 | D:4      | Noticed Edmund
  2922 | D:4      | Killed Edmund
  3113 | D:4      | Found an iron altar of Okawaru.
  3198 | D:4      | Noticed Sigmund
  3203 | D:4      | Killed Sigmund
  3204 | D:4      | Reached XP level 7. HP: 42/55 MP: 8/13
  3267 | D:4      | Noticed Menkaure
  3279 | D:4      | Killed Menkaure
  3280 | D:4      | Reached skill level 5 in Summonings
  3667 | D:3      | Identified the +0 ring mail of Qooff {Will+ Int+5}
  3921 | D:3      | Learned a level 3 spell: Frozen Ramparts
  4596 | D:5      | Entered Level 5 of the Dungeon
  4742 | D:5      | Reached XP level 8. HP: 62/62 MP: 14/14
  5076 | D:5      | Reached skill level 5 in Spellcasting
  5115 | D:5      | Found a burning altar of Makhleb.
  5139 | D:5      | You fall into a shaft and drop 1 floor!
  5153 | D:6      | HP: 4/84 [wight/+0 dagger (2)]
  5154 | D:6      | Slain by a wight

Illustrated notes

Levels and vault maps discovered:
D:1:      dpeg_arrival_rhombus, layout_basic, basic_ecumenical_altar,
          serial_bayou, serial_bayou_crossing, serial_bayou_shore_a,
          serial_bayou_lake_a, serial_bayou_shore_b, serial_bayou_pond_b,
          serial_bayou_pond_e, minmay_misc_feat_cross
D:2:      layout_basic, serial_shops, nicolae_shop_tiny_statue_garden,
          minmay_joined_circles
D:3:      layout_basic, mainiacjoe_overflow_concentric_impassable,
          nzn_wu_jian_council_hall, serial_shops, nicolae_square_shop
D:4:      layout_layer_cave, hellmonk_okawaru_the_only_friend_you_need,
          uniq_sigmund, uniq_edmund, uniq_menkaure
D:5:      layout_basic, bloody_makhleb, temple_hall
D:6:      layout_rooms, mainiacjoe_ossuary_entry_find_the_door, chequers_garden

Skill      XL: |  1  2  3  4  5  6  7  8 |
---------------+-------------------------+-----
Summonings     | 1 2 3 4 5 6 |  6.0
Spellcasting   | 3 4 5 |  5.0
Ice Magic      | 5 6 |  6.0
Dodging        | |  1.5
Stealth        | |  3.0

Action                     |  1- 3 |  4- 6 |  7- 9 || total
---------------------------+-------+-------+-------++-------
  Melee: Unarmed           |    10 |       |       ||    10
         Dagger            |     6 |    18 |       ||    24
   Fire: Sling             |       |    42 |    49 ||    91
   Cast: Freeze            |    33 |     8 |       ||    41
         Summon Ice Beast  |     2 |    14 |    16 ||    32
         Frozen Ramparts   |       |       |     6 ||     6
Ability: Spit Poison       |    11 |       |       ||    11
    Use: Scroll            |       |       |     4 ||     4
         Potion            |       |       |     2 ||     2
 Armour: Robe              |    23 |    22 |     3 ||    48
         Ring mail         |       |       |     9 ||     9
         Skin              |       |       |    10 ||    10
  Dodge: Dodged            |    22 |    15 |     2 ||    39
